 Dungeon Crawl Stone Soup version 0.16-a0-3171-gce70061 (webtiles) character file.

1748 Chiseanne the Ducker (level 9, -4/72 HPs)
             Began as a Formicid Wanderer on Dec 16, 2014.
             Killed by nerve-wracking pain
             ... invoked by an orc priest
              (8 damage)
             ... on level 8 of the Dungeon.
             The game lasted 00:20:55 (7054 turns).

Chiseanne the Ducker (Formicid Wanderer)            Turns: 7054, Time: 00:20:55

Health: -4/72      AC:  5    Str: 17    XL:     9   Next: 26%
Magic:  16/16      EV: 16    Int: 12    God:
Gold:   181        SH:  9    Dex: 13    Spells: 0 memorised, 8 levels left

rFire  + . .     SeeInvis +     s - +2 dagger (venom)
rCold  . . .     Clarity  .     w - +0 robe {rF+}
rNeg   . . .     SustAb   .     B - +0 shield (curse)
rPois  +         Gourm    .     (helmet unavailable)
rElec  .         Spirit   .     j - +2 cloak {+Inv}
rCorr  +         Warding  .     (no gloves)
rMut   .         Stasis   +     (no boots)
MR     .....                    C - amulet of resist corrosion
Stlth  ++........               z - ring of poison resistance
                                f - +2 ring of evasion

@: not resistant to hostile enchantments, unstealthy
A: permanent stasis, dig shafts and tunnels, four strong arms, antennae 3
a: Dig, Shaft Self, Evoke Invisibility


You were on level 8 of the Dungeon.
You were hungry.

You visited 1 branch of the dungeon, and saw 7 of its levels.

You collected 181 gold pieces.

Inventory:

Hand weapons
 a - a +1 quarterstaff
 d - a +0 halberd
 s - a +2 dagger of venom (weapon)
 t - a +0 blowgun
Missiles
 p - 8 javelins (quivered)
 r - 31 poisoned needles
 y - 4 tomahawks
Armour
 j - a +2 cloak of invisibility (worn)
 w - a +0 robe of fire resistance (worn)
 B - a cursed +0 shield (worn)
Jewellery
 f - a +2 ring of evasion (left hand)
 m - a +2 ring of dexterity
 z - a ring of poison resistance (right hand)
 C - an amulet of resist corrosion (around neck)
Scrolls
 b - 2 scrolls of fear
 e - 6 scrolls of remove curse
 k - a scroll of identify
 x - a scroll of magic mapping
Potions
 l - 2 potions of curing
 n - a potion of might
 q - 2 potions of cure mutation
 v - a potion of restore abilities
Comestibles
 c - 4 slices of pizza
 g - 2 bread rations
 h - a meat ration
 i - 4 fruits
 u - a beef jerky
 A - 3 royal jellies


   Skills:
 * Level 7.6 Fighting
   Level 1.0(2.1) Maces & Flails
 - Level 3.0(3.1) Staves
 * Level 7.9 Dodging
 - Level 1.2 Stealth
 * Level 3.3 Shields
 * Level 3.0 Evocations


You had 8 spell levels left.
You didn't know any spells.

Dungeon Overview and Level Annotations

Branches:
Dungeon (8/15)
 Temple: D:4-7         Lair: D:8-11

Altars:
Fedhas
Yredelemnul


Innate Abilities, Weirdness & Mutations

You are under a permanent stasis effect.
You can dig through walls and to a lower floor.
Your four strong arms can wield two-handed weapons with a shield.
You have a pair of large antennae on your head (SInv).


Message History

Drink which item? (? for menu, Esc to quit)
Okay, then.
Use which ability? (? or * to list) Are you sure you want to shaft yourself?
You are feeling hungry.
You begin to dig a shaft.
You continue digging a shaft.
The jackal closely misses you.
You sense a monster nearby. x3
A shaft appears beneath you!
You fall through a shaft for 2 floors!
The shaft crumbles and collapses.
A hobgoblin, 2 orcs, an orc warrior and an orc priest come into view.
The orc warrior shouts!
Found three items.
You hit the orc priest.
The orc priest is moderately wounded.
The orc throws a silver tomahawk.
The silver tomahawk barely misses you.
The orc priest calls down the wrath of Beogh upon you.
Pain shoots through your body!
You die...

## #. #. #.
.#
###.###..###
#...@o.....#
#.o.$.##.#.#
.........o.
##.#....o##..
# #.!...# .g.
###.##. . #.
. #. .. .


You could see an orc warrior, an orc priest, 2 orcs and a hobgoblin.

Vanquished Creatures
  A yak (D:6)
  The ghost of DEFE the Insei, an average OpTm (D:4)
  A sky beast (D:4)
  A black bear (D:4)
  3 ogres
  A centaur (D:5)
  A gnoll sergeant (D:5)
  A scorpion (D:5)
  5 crimson imps
  2 giant frog zombies
  An iguana (D:5)
  A goliath beetle (D:5)
  2 centaur skeletons
  A gnoll shaman (D:6)
  2 hounds
  2 giant frog skeletons
  2 orc wizards (D:4)
  2 worker ants (D:4)
  A hound skeleton (D:5)
  Robin (D:4)
  5 adders
  7 gnolls
  3 worms
  A giant mite (D:2)
  5 giant geckos
  2 orcs (D:4)
  A bat skeleton (D:6)
  A giant cockroach (D:4)
  16 hobgoblins
  2 jackals (D:5)
  9 kobolds
  4 quokkas
  A ball python (D:3)
  5 bats
  5 giant newts
  19 goblins
  A quokka skeleton (D:5)
  10 rats
129 creatures vanquished.

Vanquished Creatures (others)
  An orc wizard (D:4)
1 creature vanquished.

Grand Total: 130 creatures vanquished

Notes
Turn   | Place    | Note
--------------------------------------------------------------
     0 | D:1      | Chiseanne, the Formicid Wanderer, began the quest for the Orb.
     0 | D:1      | Chiseanne set off with: a +2 dagger, a scroll of fear, a +0 shortbow, a +0 quarterstaff, a +0 robe, 30 arrows, a bread ration
     0 | D:1      | Reached XP level 1. HP: 18/18 MP: 1/1
   248 | D:1      | Reached XP level 2. HP: 23/25 MP: 3/3
   624 | D:1      | Reached skill level 4 in Fighting
  1086 | D:2      | Reached XP level 3. HP: 7/31 MP: 4/4
  1106 | D:2      | HP: 1/31 [poisoned by an adder]
  1493 | D:2      | Reached skill level 1 in Dodging
  1631 | D:2      | Reached XP level 4. HP: 25/38 MP: 5/5
  2415 | D:3      | Reached skill level 5 in Fighting
  2453 | D:3      | Reached XP level 5. HP: 24/44 MP: 7/7
  3477 | D:4      | Found a basalt altar of Yredelemnul.
  3635 | D:4      | Noticed an ogre
  3645 | D:4      | Killed an ogre
  3645 | D:4      | Reached XP level 6. HP: 20/52 MP: 9/9
  3831 | D:4      | Noticed DEFE's ghost (average OpTm)
  3984 | D:4      | Reached skill level 6 in Fighting
  4009 | D:4      | Killed DEFE's ghost
  4009 | D:4      | Reached XP level 7. HP: 49/58 MP: 10/10
  4186 | D:4      | Noticed Robin
  4203 | D:4      | Killed Robin
  4475 | D:4      | Noticed a sky beast
  4496 | D:4      | Killed a sky beast
  4702 | D:4      | Noticed a black bear
  4712 | D:4      | Killed a black bear
  4712 | D:4      | Reached skill level 5 in Dodging
  4929 | D:4      | Reached XP level 8. HP: 62/65 MP: 13/13
  4993 | D:5      | Entered Level 5 of the Dungeon
  5295 | D:5      | Reached skill level 7 in Fighting
  6280 | D:5      | Found a blossoming altar of Fedhas.
  6695 | D:6      | Reached XP level 9. HP: 52/72 MP: 15/15
  7048 | D:6      | HP: 3/72 [yak (17)]
  7053 | D:6      | You fall through a shaft for 2 floors!
  7054 | D:8      | Killed from afar by an orc priest

Action                   |  1- 3 |  4- 6 |  7- 9 || total
-------------------------+-------+-------+-------++-------
Melee: Quarterstaff      |    86 |    61 |   131 ||   278
       Dagger            |       |    37 |   200 ||   237
       Halberd           |       |       |    44 ||    44
Throw: Javelin           |       |     3 |     7 ||    10
 Abil: Dig               |       |       |     2 ||     2
       Shaft Self        |       |       |     1 ||     1
  Use: Scroll            |     6 |     6 |     1 ||    13
       Potion            |       |     3 |       ||     3
 Stab: Sleeping          |     1 |       |     3 ||     4
       Distracted        |       |       |     1 ||     1
  Eat: Chunk             |     2 |     7 |    11 ||    20
